 Dungeon Crawl Stone Soup version 0.29-a0-322-g68df515428 (webtiles) character file.

Game seed: 323807078739417114

369 GigaChad the Insei (level 6, -6/50 HPs)
             Began as a Draconian Transmuter on Apr 6, 2022.
             Was an Initiate of Ashenzari.
             Shot with an arrow by a centaur (10 damage)
             ... on level 6 of the Dungeon.
             The game lasted 00:19:05 (4764 turns).

GigaChad the Insei (Draconian Transmuter)           Turns: 4764, Time: 00:19:06

Health: -6/50      AC:  7    Str:  8 (12) XL:     6   Next: 41%
Magic:  9/9        EV: 13    Int: 13      God:    Ashenzari [......]
Gold:   172        SH:  0    Dex: 20      Spells: 8/9 levels left

rFire   x . .      SeeInvis .   b - +0 short sword of Supernal Knowledge {chaos, Alch, Evo} (curse)
rCold   + . .      Faith    .   (no shield)
rNeg    . . .      Spirit   .   (body armour unavailable)
rPois   .          Reflect  .   (helmet restricted)
rElec   .          Harm     .   (no cloak)
rCorr   .          Rampage  .   (no gloves)
Will    .....                   h - +0 pair of boots
Stlth   ++........              k - amulet of regeneration
HPRegen 0.96/turn               m - +6 ring of dexterity
MPRegen 0.11/turn               n - ring of ice

@: no status effects
A: AC +6, unfitting armour, cold-blooded, horns 1, mutation resistance 1
a: Renounce Religion, Shatter the Chains


You were on level 6 of the Dungeon.
You worshipped Ashenzari.
Ashenzari was noncommittal.
You visited 1 branch of the dungeon, and saw 6 of its levels.

You collected 172 gold pieces.

Inventory:

Hand Weapons
 b - the cursed +0 short sword of Supernal Knowledge (weapon) {chaos, Alch, Evo}
   (You found it on level 1 of the Dungeon)

   Each time it hits an enemy it has a different, random effect.
   It has a curse which improves the following skills: Alchemy: Poison Magic and
   Transmutations.
   Evocations: Evocations.
 c - a +0 quarterstaff
 e - a +0 short sword
 j - a +0 mace
 t - a +0 long sword
 N - a +0 dagger
Armour
 h - a +0 pair of boots (worn)
Jewellery
 k - an amulet of regeneration (around neck)
 m - a +6 ring of dexterity (left hand)
 n - a ring of ice (right hand)
 u - an amulet of magic regeneration
 v - a ring of fire
Scrolls
 d - 2 scrolls of teleportation
 o - a scroll of summoning {unknown}
 q - a scroll of enchant armour {unknown}
 s - a scroll of silence {unknown}
Potions
 a - a potion of lignification
 f - a potion of invisibility {unknown}
 i - 2 potions of might
 l - a potion of magic {unknown}
 p - a potion of flight {unknown}
 r - a potion of cancellation {unknown}


   Skills:
 + Level 2.7 Fighting
 + Level 3.3 Short Blades
 + Level 3.2 Dodging
 + Level 1.8 Stealth
 + Level 4.0 Unarmed Combat
 - Level 2.3 Spellcasting
 - Level 2.1(2.4) Transmutations


You had 8 spell levels left.
You knew the following spells:

 Your Spells              Type           Power      Damage    Failure   Level
a - Beastly Appendage     Tmut           14%        N/A       9%          1

Your spell library contained the following spells:

 Spells                   Type           Power      Damage    Failure   Level
 Wereblood                Tmut           7%         N/A       14%         2
 Blink                    Tloc           2%         N/A       36%         2
 Ensorcelled Hibernation  Hex/Ice        4%         N/A       36%         2
 Spider Form              Tmut/Pois      4%         N/A       41%         3
 Lesser Beckoning         Tloc           1%         N/A       58%         3
 Ice Form                 Ice/Tmut       7%         N/A       83%         4
 Anguish                  Hex/Necr       0%         N/A       94%         4
 Manifold Assault         Tloc           1%         N/A       100%        5


Dungeon Overview and Level Annotations

Branches:
Dungeon (6/15)
 Temple: D:4-7

Altars:
Ashenzari
Sif Muna
Trog
Uskayaw

Annotations:
D:3 3 runed translucent doors, Antichthon's ghost, amateur SpBr


Innate Abilities, Weirdness & Mutations

Your plain brown scales are hard. (AC +6)
You cannot fit into any form of body armour.
You are cold-blooded and may be slowed by cold attacks.
You have a pair of small horns on your head.
You are somewhat resistant to further mutation.


Message History

You feel genetically stable. A pair of horns grows on your head!
There is a stone staircase leading down here.
There is a stone staircase leading down here.
There is a stone staircase leading down here.
You climb downwards.
Found a scroll of identify and 13 stones.
Found a stone staircase leading down.
There is a stone staircase leading up here.
Found 15 gold pieces.
Found a stone staircase leading down.
Found 5 gold pieces.
Found a smoky blue potion.
f - a smoky blue potion
Found 15 gold pieces.
There is a stone staircase leading down here.
You climb downwards.
Found a scroll labelled IPRAOCH BAUSU.
There is a stone staircase leading up here.
A centaur comes into view.
The centaur shouts!
The centaur wields a +0 shortbow.
The centaur shoots an arrow.
The arrow hits you.
A centaur comes into view.
The centaur shoots an arrow.
The arrow barely misses you.
The centaur shoots an arrow.
The arrow misses you.
The centaur shouts!
The centaur wields a +0 shortbow.
The centaur shoots an arrow.
The arrow hits you.
The centaur shoots an arrow.
The arrow hits you but does no damage.
The centaur shoots an arrow.
The arrow hits you!
The centaur shoots an arrow.
The arrow hits you.
The centaur shoots an arrow.
The arrow hits you.
The centaur shoots an arrow.
The arrow hits you!
The centaur shoots an arrow.
The arrow hits you.
* * * LOW HITPOINT WARNING * * *
The centaur shoots an arrow.
The arrow hits you.
* * * LOW HITPOINT WARNING * * *
The centaur shoots an arrow.
The arrow hits you!
* * * LOW HITPOINT WARNING * * *
The centaur shoots an arrow.
The arrow hits you!
You die...

.## .. . .. ..# .
.... .#....#
###......#
##########........#
....c?....<##......
...........@...#
...c...#######.#
....... #######


You could see a centaur.

Vanquished Creatures
  A water moccasin (D:5)
  A scorpion (D:4)
  Terence (D:3)
  Jessica (D:3)
  An orc wizard (D:4)
  An iguana (D:4)
  Natasha (D:3)
  An ufetubus (D:5)
  2 worms
  3 dart slugs
  4 orcs
  12 endoplasms
  6 giant cockroaches
  A goblin (D:4)
  8 hobgoblins
  4 jackals (D:2)
  2 quokkas
  3 ball pythons
  A bat (D:2)
  A frilled lizard (D:3)
  5 kobolds
  5 rats
65 creatures vanquished.

Vanquished Creatures (collateral kills)
  A rat (D:3)
1 creature vanquished.

Vanquished Creatures (others)
  A rat (D:3)
  3 plants (D:2)
4 creatures vanquished.

Grand Total: 70 creatures vanquished

Notes
Turn   | Place    | Note
-------+----------+-------------------------------------------
     0 | D:1      | GigaChad the Draconian Transmuter began the quest for the
                  | Orb.
     0 | D:1      | Reached XP level 1. HP: 16/16 MP: 3/3
   496 | D:1      | Reached XP level 2. HP: 14/23 MP: 5/5
  1260 | D:2      | Reached XP level 3. HP: 24/28 MP: 6/6
  1520 | D:2      | Reached skill level 4 in Unarmed Combat
  2437 | D:3      | Found a bloodstained altar of Trog.
  2469 | D:3      | Became a worshipper of Trog the Wrathful
  2592 | D:3      | Noticed Jessica
  2598 | D:3      | Killed Jessica
  2599 | D:3      | Reached skill level 1 in Short Blades
  2599 | D:3      | Reached XP level 4. HP: 35/35 MP: 7/7
  2629 | D:3      | Noticed Terence
  2639 | D:3      | Killed Terence
  2688 | D:3      | Found a hide-covered altar of Uskayaw.
  2772 | D:3      | Noticed Natasha
  2779 | D:3      | Killed Natasha
  2780 | D:3      | Reached skill level 1 in Stealth
  2780 | D:3      | Reached XP level 5. HP: 36/41 MP: 8/8
  2878 | D:3      | Found a runed translucent gate.
  2878 | D:3      | Found a runed translucent gate.
  2878 | D:3      | Found a runed translucent gate.
  2878 | D:3      | Noticed Antichthon's ghost (amateur SpBr)
  3052 | D:4      | Found a broken altar of Ashenzari.
  3061 | D:4      | Fell from the grace of Trog
  3061 | D:4      | Became a worshipper of Ashenzari the Shackled
  3438 | D:4      | Identified the +2 ring mail "Iggaggy" {*Corrode rElec Str+3
                  | Dex+9}
  3825 | D:4      | Reached XP level 6. HP: 46/50 MP: 9/9
  3880 | D:5      | Entered Level 5 of the Dungeon
  3880 | D:5      | Noticed a water moccasin
  3886 | D:5      | Found a shimmering blue altar of Sif Muna.
  3903 | D:5      | Killed a water moccasin
  3908 | D:5      | HP: 2/50 [poisoned by a water moccasin]
  3910 | D:5      | Noticed an ice beast
  3913 | D:5      | HP: 1/50 [poisoned by a water moccasin]
  4668 | D:4      | Gained mutation: You are somewhat resistant to further
                  | mutation. [potion of mutation]
  4668 | D:4      | Gained mutation: You have a pair of small horns on your
                  | head. [potion of mutation]
  4764 | D:6      | Shot with an arrow by a centaur

Illustrated notes

Levels and vault maps discovered:
D:1:      sevenhm_arrival_forest_fort_small_4, layout_basic,
          grunt_decor_fettered, chequers_avenue
D:2:      layout_loops_ring, serial_forest, infiniplex_forest_join,
          infiniplex_forest_clump_double, infiniplex_forest_lined_4_way,
          infiniplex_forest_clump_diagonal, infiniplex_forest_lined_ring,
          infiniplex_forest_lined_4_way, infiniplex_forest_clump_double,
          infiniplex_forest_diagonal
D:3:      wad_crossroads, layout_basic, eat_drink_and_be_merry_uskayaw,
          trog_three_pillars_becter, gammafunk_ghost_nasty_kobolds,
          shapermc_ecumenical_altar_petra, kennysheep_nub,
          nicolae_underground_beach, uniq_jessica, uniq_natasha, uniq_terence
D:4:      layout_loops_corners, evilmike_ruin_ashenzari,
          minmay_misc_feat_hallway, kennysheep_generic_room_10
D:5:      layout_cave_pools, mainiacjoe_overflow_cross_hatched,
          mainiacjoe_overflow_alcove_2
D:6:      layout_rooms, uniq_sigmund

Skill      XL: |  1  2  3  4  5 |
---------------+----------------+-----
Dodging        | 2 3 |  3.2
Unarmed Combat | 4 |  4.0
Short Blades   | 1 2 3 |  3.3
Stealth        | 1 |  1.8
Fighting       | 2 |  2.7
Spellcasting   | |  2.3
Transmutations | |  2.1

Action                   |  1- 3 |  4- 6 || total
-------------------------+-------+-------++-------
Melee: Unarmed           |    83 |       ||    83
       Tailslap          |    16 |    11 ||    27
       Kick              |     2 |     2 ||     4
       Punch             |     3 |     2 ||     5
       Headbutt          |     1 |     1 ||     2
       Short sword       |    88 |    96 ||   184
 Cast: Beastly Appendage |     2 |     1 ||     3
Invok: Curse Item        |       |     1 ||     1
  Use: Scroll            |     5 |     1 ||     6
       Potion            |       |     1 ||     1
 Stab: Sleeping          |       |     1 ||     1
       Paralysed         |       |     1 ||     1
Armor: Skin              |    62 |    36 ||    98
Dodge: Dodged            |   115 |    66 ||   181

Table legend: (Time is in decaauts)
 A = Elapsed time spent in this place.
 B = Non-inter-level travel time spent in this place.
 C = Inter-level travel time spent in this place.
 D = Time resting spent in this place.
 E = Time spent auto-exploring this place.
 F = Levels seen in this place.
 G = Mean time per level.
                   A        B        C        D        E       F      G
               +--------+--------+--------+--------+--------+-----+--------+
         Total |   4777 |   4544 |    233 |    683 |   1573 |   6 |  796.2 |
       Dungeon |   4777 |   4544 |    233 |    683 |   1573 |   6 |  796.2 |
               +--------+--------+--------+--------+--------+-----+--------+

Top non-repeatable levels by time:
     D:4: 1697 daAuts
     D:2: 1264 daAuts
     D:1: 1183 daAuts
     D:3: 532 daAuts
     D:5: 91 daAuts
     D:6: 7 daAuts
